 Dungeon Crawl Stone Soup version 0.31-a0-604-g8e0283293c (webtiles) character file.

Game seed: 5601452809760528015

12677 senseless the Grappler (level 11, 0/107 HPs)
             Began as a Troll Shapeshifter on Aug 21, 2023.
             Was a Follower of the Shining One.
             Slain by a ten-headed hydra (13 damage)
             ... on level 10 of the Dungeon.
             The game lasted 00:29:03 (8276 turns).

senseless the Grappler (Troll Shapeshifter)         Turns: 8276, Time: 00:29:03

Health: 0/107      AC:  5    Str: 35    XL:     11   Next: 65%
Magic:  0/10       EV: 12    Int:  1    God:    the Shining One [*.....]
Gold:   115        SH:  0    Dex: 10    Spells: 10/10 levels left

rFire   . .          .
                       - Unarmed
rCold   . . .        (no shield)
rNeg    . . .        m - melded +1 robe "Uriosk" {Drain rPois rN+ Str+2}
rPois   .            p - +1 hat of the Dwarven Hall {Will++ rCorr Int-3 SInv}
rElec   .            F - +1 cloak
rCorr   +            (gloves unavailable)
SInv    +            (boots unavailable)
Will    ++...        n - amulet of guardian spirit
Stlth   +            y - +6 ring of strength
HPRegen 1.17/turn    B - ring of flight
MPRegen 0.12/turn

%: guardian spirit
@: maw-form, flying, glowing
A: devouring maw, reduced hp, large, unfitting armour, claws 3, regeneration 1,
shaggy fur 1, tough skin 1
a: Begin Untransformation, Renounce Religion, Divine Shield


You were on level 10 of the Dungeon.
You worshipped the Shining One.
The Shining One was aware of your devotion.
You were a creature with a mouth for a stomach.
You visited 3 branches of the dungeon, and saw 12 of its levels.
You also visited: Bailey.

You collected 653 gold pieces.
You spent 538 gold pieces at shops.

Inventory:

Hand Weapons
 f - a +8 halberd of protection
 w - the +7 staff of the Meek {protect, meekguard}
   (You found it on level 9 of the Dungeon)
 G - a +4 hammer of protection
Missiles
 j - 4 javelins
 E - 5 atropa-tipped darts
 H - 41 poisoned darts (quivered)
 J - a curare-tipped dart
Armour
 m - the +1 robe "Uriosk" (melded) {Drain rPois rN+ Str+2}
   (You found it on level 2 of the Dungeon)

   Str+2:     It affects your strength (+2).
   rPois:     It protects you from poison rN+: It protects you from negative
   energy.
   Drain:     It drains your maximum health when unequipped.
 p - the +1 hat of the Dwarven Hall (worn) {Will++ rCorr Int-3 SInv}
   (You acquired it on level 8 of the Dungeon)

   Int-3:     It affects your intelligence (-3).
   Will++:    It greatly increases your willpower.
   SInv:      It lets you see invisible.
   rCorr:     It protects you from acid and corrosion.
 D - +1 steam dragon scales
 F - a +1 cloak (worn)
 L - a +0 kite shield
 S - +0 acid dragon scales
Jewellery
 n - an amulet of guardian spirit (around neck)
 t - an amulet of faith
 y - a +6 ring of strength (left claw)
 B - a ring of flight (right claw)
Talismans
 c - a beast talisman
 d - a flux talisman
 C - a maw talisman (active)
Wands
 s - a wand of polymorph (11)
 T - a wand of digging (4)
 U - a wand of iceblast (9)
Scrolls
 e - 4 scrolls of teleportation
 g - 2 scrolls of poison
 h - a scroll of fog
 k - 2 scrolls of enchant armour
 q - 3 scrolls of brand weapon
 x - a scroll of fear
 I - a scroll of vulnerability
Potions
 a - a potion of berserk rage
 b - 3 potions of lignification
 i - a potion of haste
 l - a potion of magic
 o - 3 potions of brilliance
 r - a potion of attraction
 u - 3 potions of mutation
 v - a potion of heal wounds
 A - a potion of enlightenment
 K - a potion of cancellation
 R - a potion of resistance


   Skills:
 + Level 7.9 Fighting
 + Level 8.1 Dodging
 + Level 10.0 Unarmed Combat
 + Level 8.6 Shapeshifting


You had 10 spell levels left.
You didn't know any spells.
Your spell library contained the following spells:

 Spells                   Type           Power      Damage    Failure   Level
 Kiss of Death            Conj/Necr      0%         2d5       56%         1
 Shock                    Conj/Air       0%         1d3       56%         1
 Blink                    Tloc           0%         N/A       71%         2
 Confusing Touch          Hex            0%         N/A       91%         3
 Swiftness                Air            0%         N/A       91%         3
 Airstrike                Air            0%         2d(0-16)  100%        4
 Dispel Undead            Necr           0%         3d6       100%        4
 Manifold Assault         Tloc           0%         N/A       100%        4


Dungeon Overview and Level Annotations

Branches:
Dungeon (10/15)            Temple (1/1) D:5            Lair (1/5) D:8
 Bailey (visited)
    Orc: D:9-12

Altars:
Ashenzari
Cheibriados
Dithmenos
Elyvilon
Fedhas
Hepliaklqana
Kikubaaqudgha
Makhleb
Nemelex Xobeh
Okawaru
Qazlal
Ru
Sif Muna
Trog
Uskayaw
Vehumet
Wu Jian
Xom
Yredelemnul
Zin
The Shining One

Shops:
D:4 [   D:6 ?[=   D:7 =   D:8 *

Annotations:
D:9 3 runed translucent doors


Innate Abilities, Weirdness & Mutations

You are a creature with a mouth for a stomach.
Your midsection houses a second, enormous mouth.
Your maximum health is decreased, since you lack skill for your form.
You are too large for most types of armour.
You have claws for hands.
Your natural rate of healing is unusually fast.
You are covered in fur. (AC +1)
You have tough skin. (AC +1)


Message History

The slime creature is lightly wounded.
The slime creature hits you!
You mangle the slime creature!! You bite the slime creature!
The slime creature is severely wounded.
The slime creature hits you!
You mangle the slime creature!!
You kill the slime creature!
Your Unarmed Combat skill increases to level 10!
You eviscerate the manticore!!! You claw the manticore!
You kill the manticore!
You rip one of the seven-headed hydra's heads off!
The six-headed hydra grows two more!
You eviscerate the eight-headed hydra!!!
You bite the eight-headed hydra.
The eight-headed hydra is heavily wounded.
You rip one of the eight-headed hydra's heads off!
The seven-headed hydra grows two more!
You mangle the nine-headed hydra!!
You bite the nine-headed hydra, but do no damage.
The nine-headed hydra is severely wounded.
The nine-headed hydra closely misses you. x2
The nine-headed hydra bites you! The nine-headed hydra bites you. x2
The nine-headed hydra bites you!
The nine-headed hydra completely misses you.
The nine-headed hydra bites you! The nine-headed hydra bites you.
A boulder beetle comes into view.
You claw one of the nine-headed hydra's heads off!
The eight-headed hydra grows two more!
You claw the ten-headed hydra!
The ten-headed hydra is heavily wounded.
The ten-headed hydra bites you!
* * * LOW HITPOINT WARNING * * *
The ten-headed hydra bites you.
* * * LOW HITPOINT WARNING * * *
The ten-headed hydra closely misses you.
The ten-headed hydra misses you. The ten-headed hydra bites you.
* * * LOW HITPOINT WARNING * * *
The ten-headed hydra bites you but does no damage.
The ten-headed hydra bites you!
* * * LOW HITPOINT WARNING * * *
The ten-headed hydra bites you!
You die...

#.. #.......
.#..(/:!O$#.#####.......
..$$$)))$J#.............
#.$):}[.o#.####........
#$.?%$$$C#.## #........
.$.$Bl.H#..###....##..
$oQ.$<#.............
.#####D####.............
.......W....+####.......
...#......#.....#.......
#..##..#.....#.......
#..##..#.....#.......
#..##..+.....#.......
#..##..#.....#.......
#......#.....+.......
#......#.....#.######
#####'##.....#.......


You could see a boulder beetle, a ten-headed hydra, an orc knight and a tengu
warrior.

Vanquished Creatures
  5 two-headed ogres
  An ugly thing (D:10)
  A manticore (D:10)
  Maggie (D:6)
  The ghost of Vorhees the Charlatan, a novice GnWn of Ashenzari (D:6)
  An efreet (D:10)
  A troll (D:8)
  Grinder (D:6)
  Prince Ribbit (D:7)
  A slime creature (D:10)
  2 spriggans (Bailey)
  A wyvern (D:8)
  4 yaks (D:9)
  2 vampire mosquitoes (D:10)
  Menkaure (D:7)
  An acid dragon (Bailey)
  3 water moccasins
  7 orc warriors
  3 sky beasts
  A black bear (D:4)
  An ice beast (D:8)
  8 ogres
  A centaur (D:9)
  3 wolves (D:8)
  A phantom (D:4)
  5 kobold brigands
  6 bullfrogs
  A gnoll sergeant (D:3)
  4 scorpions
  13 wights
  9 killer bees
  4 howler monkeys
  2 electric eels (D:8)
  5 jellies
  10 hounds
  6 orc priests
  Crazy Yiuf (D:6)
  An iguana (D:5)
  9 orc wizards
  14 adders
  An ufetubus (D:4)
  2 worms
  2 dart slugs
  27 orcs
  8 ball pythons
  3 endoplasms
  2 giant cockroaches
  3 hobgoblins
  2 jackals (D:1)
  26 kobolds
  2 quokkas
  5 bats
  5 goblins
  2 rats
233 creatures vanquished.

Notes
Turn   | Place    | Note
-------+----------+-------------------------------------------
     0 | D:1      | senseless the Troll Shapeshifter began the quest for the
                  | Orb.
     0 | D:1      | Reached XP level 1. HP: 18/18 MP: 0/0
   100 | D:1      | Reached skill level 1 in Fighting
   131 | D:1      | Reached XP level 2. HP: 27/27 MP: 1/1
   831 | D:2      | Reached XP level 3. HP: 33/33 MP: 2/2
   904 | D:2      | Identified the +1 robe "Uriosk" {Drain rPois rN+ Str+2}
  1187 | D:3      | Noticed an ogre
  1188 | D:3      | Found a transporter.
  1188 | D:3      | Found an ornate altar of the Wu Jian Council.
  1189 | D:3      | Noticed a gnoll sergeant
  1193 | D:3      | Found a transporter.
  1274 | D:3      | Found a shimmering blue altar of Sif Muna.
  1538 | D:3      | Reached XP level 4. HP: 41/41 MP: 3/3
  1813 | D:4      | Found a bloodstained altar of Trog.
  1900 | D:4      | Noticed a black bear
  1901 | D:4      | Noticed a sky beast
  1905 | D:4      | Killed a black bear
  1906 | D:4      | Reached skill level 4 in Unarmed Combat
  1906 | D:4      | Reached XP level 5. HP: 42/49 MP: 4/4
  1916 | D:4      | Killed a sky beast
  1917 | D:4      | Reached XP level 6. HP: 38/59 MP: 5/5
  2008 | D:4      | Found Burobilu's Armour Emporium.
  2017 | D:4      | Bought a +0 cloak for 58 gold pieces
  2603 | D:4      | Reached XP level 7. HP: 23/67 MP: 2/6
  2764 | D:5      | Entered Level 5 of the Dungeon
  2839 | D:5      | Found a staircase to the Ecumenical Temple.
  2849 | D:5      | Reached skill level 5 in Unarmed Combat
  3152 | D:5      | Reached XP level 8. HP: 70/78 MP: 5/7
  3231 | D:4      | Reached skill level 5 in Shapeshifting
  3582 | D:6      | Found Caocloek's Antique Armour Shoppe.
  3618 | D:6      | Found a shadowy altar of Dithmenos.
  3618 | D:6      | Found a basalt altar of Yredelemnul.
  3638 | D:6      | Noticed Maggie
  3649 | D:6      | Killed Maggie
  3650 | D:6      | Reached skill level 6 in Unarmed Combat
  3705 | D:6      | Found Gaubui's Magic Scroll Shoppe.
  3826 | D:6      | Noticed Grinder
  3832 | D:6      | Killed Grinder
  3833 | D:6      | Reached skill level 5 in Dodging
  3833 | D:6      | Reached XP level 9. HP: 87/87 MP: 8/8
  3877 | D:6      | Found a runed translucent door.
  3879 | D:6      | Noticed Vorhees's ghost (novice GnWn)
  3898 | D:6      | Killed Vorhees's ghost
  3899 | D:6      | Reached skill level 5 in Fighting
  3906 | D:6      | Found a runed translucent door.
  3935 | D:6      | Found Jyity's Jewellery Shoppe.
  3977 | D:6      | Found a hazy altar of Hepliaklqana.
  4108 | D:6      | Found a runed translucent door.
  4109 | D:6      | Noticed Crazy Yiuf
  4115 | D:6      | Killed Crazy Yiuf
  4176 | D:6      | Reached skill level 7 in Unarmed Combat
  4221 | D:7      | Identified the +0 buckler "Lohaheirhe" {Fly rF+}
  4221 | D:7      | Noticed Prince Ribbit
  4234 | D:7      | Killed Prince Ribbit
  4818 | D:7      | Found Vaiquod's Jewellery Shoppe.
  4928 | D:7      | Noticed Menkaure
  4933 | D:7      | Killed Menkaure
  4934 | D:7      | Reached XP level 10. HP: 81/98 MP: 7/9
  5184 | D:3      | Reached skill level 8 in Unarmed Combat
  5354 | Temple   | Entered the Ecumenical Temple
  5554 | D:8      | Found a staircase to the Lair.
  5563 | D:8      | Found a flagged portal.
  5590 | Bailey   | Entered a bailey
  5747 | Bailey   | Noticed a two-headed ogre
  5754 | Bailey   | Killed a two-headed ogre
  5952 | D:8      | Found Ter Sos's General Store.
  6111 | D:8      | Reached skill level 9 in Unarmed Combat
  6383 | D:8      | Found a glowing golden altar of the Shining One.
  6393 | D:8      | Became a worshipper of the Shining One
  6605 | D:8      | Identified a scroll of acquirement
  6605 | D:8      | Acquired the +1 hat of the Dwarven Hall {Will++ rCorr Int-3
                  | SInv}
  6669 | D:9      | Noticed a two-headed ogre
  6671 | D:9      | Found a snail-covered altar of Cheibriados.
  6679 | D:9      | Killed a two-headed ogre
  6680 | D:9      | Reached XP level 11. HP: 30/109 MP: 3/10
  6753 | D:9      | Found a broken altar of Ashenzari.
  6820 | D:9      | Noticed a two-headed ogre
  6830 | D:9      | Killed a two-headed ogre
  6900 | D:9      | Noticed a two-headed ogre
  6907 | D:9      | Killed a two-headed ogre
  7066 | D:9      | Reached * piety under the Shining One
  7085 | D:9      | Found the +7 staff of the Meek {protect, meekguard}
  7652 | D:6      | Bought a maw talisman for 480 gold pieces
  7723 | Lair:1   | Entered Level 1 of the Lair of Beasts
  7837 | D:9      | Found a runed translucent gate.
  7837 | D:9      | Found a runed translucent gate.
  7837 | D:9      | Found a runed translucent gate.
  7837 | D:9      | Noticed a purple ugly thing
  7837 | D:9      | Noticed a white ugly thing
  7837 | D:9      | Noticed a cyan ugly thing
  7837 | D:9      | Noticed a white ugly thing
  7837 | D:9      | Noticed a purple ugly thing
  7925 | D:10     | Entered Level 10 of the Dungeon
  7930 | D:10     | Noticed a two-headed ogre
  7935 | D:10     | Killed a two-headed ogre
  8243 | D:10     | Noticed an orc knight
  8243 | D:10     | Noticed an ogre mage
  8265 | D:10     | Noticed a cyan ugly thing
  8267 | D:10     | Noticed a tengu warrior
  8269 | D:10     | Killed a cyan ugly thing
  8269 | D:10     | Noticed a seven-headed hydra
  8273 | D:10     | Reached skill level 10 in Unarmed Combat
  8275 | D:10     | Noticed a boulder beetle
  8276 | D:10     | Slain by a ten-headed hydra

Illustrated notes

Levels and vault maps discovered:
D:1:      giann_forest_graveyard, layout_basic
D:2:      layout_rooms, nicolae_the_louvre
D:3:      layout_loops_cross, amcnicky_altar_gilded,
          gammafunk_temple_overflow_arena
D:4:      layout_loops_ring, trog_book, serial_shops, shop,
          hangedman_decor_peaks_small, minmay_snake_closets
D:5:      layout_gridville, minmay_temple_entry_large_hall
D:6:      cheibrodos_iron_armory, layout_rooms, nzn_hepliaklqana_mist_gate,
          chequers_temple_overflow_statue_of_worship, ebering_ghost_sewer_f,
          serial_shops, shop, nicolae_shop_getting_attention,
          nicolae_diamond_shop, uniq_grinder, uniq_maggie,
          uniq_crazy_yiuf_cottage, uniq_sigmund
D:7:      layout_rooms, serial_shops, nicolae_shop_gaudy_bauble, uniq_menkaure,
          uniq_prince_ribbit1
D:8:      layout_cave_pools, lemuel_coloured_pillars_altar, erik_lair_island,
          serial_shops, shop, enter_bailey_6, kennysheep_generic_room_15
D:9:      layout_basic, jmf_multi_god_temple,
          ploomutoo_gammafunk_ghost_potion_laboratory, st_stairs_7,
          pf_guarded_unrand_meek
D:10:     layout_stronghold, mainiacjoe_overflow_brackets, minivault_12
Temple:   nicolae_temple_ecumenical_triangle
Lair:1:   statuecave_lemuel, layout_small_grid, nzn_masters_of_martial_movement,
          uniq_joseph

Skill      XL: |  1  2  3  4  5  6  7  8  9 10 11 |
---------------+----------------------------------+-----
Fighting       | 1 2 3 4 6 7 |  7.9
Dodging        | 2 3 4 5 6 7 8 |  8.1
Unarmed Combat | 4 5 6 7 9 10 | 10.0
Shapeshifting  | 4 5 6 7 8 |  8.6

Action                     |  1- 3 |  4- 6 |  7- 9 | 10-12 || total
---------------------------+-------+-------+-------+-------++-------
  Melee: Unarmed           |    57 |    80 |   232 |   296 ||   665
         Punch             |     1 |       |     9 |     7 ||    17
         Maw               |       |       |       |    12 ||    12
  Throw: Dart              |       |       |     2 |       ||     2
  Evoke: Wand              |       |       |       |     1 ||     1
    Use: Potion            |       |       |     2 |     6 ||     8
         Scroll            |       |       |       |    26 ||    26
   Stab: Sleeping          |       |     2 |     1 |       ||     3
         Invisible         |       |       |     1 |       ||     1
 Armour: Animal skin       |     9 |       |       |       ||     9
         Robe              |    10 |    23 |    42 |   112 ||   187
         Skin              |       |       |    21 |     3 ||    24
  Dodge: Dodged            |    16 |    22 |   100 |   237 ||   375
         Form:             |       |       |       |     1 ||     1
         Flux              |       |       |       |     1 ||     1
         Maw               |       |       |       |     1 ||     1

Table legend: (Time is in decaauts)
 A = Elapsed time spent in this place.
 B = Non-inter-level travel time spent in this place.
 C = Inter-level travel time spent in this place.
 D = Time resting spent in this place.
 E = Time spent auto-exploring this place.
 F = Levels seen in this place.
 G = Mean time per level.
                   A        B        C        D        E       F      G
               +--------+--------+--------+--------+--------+-----+--------+
         Total |   8199 |   7171 |   1028 |    321 |   5386 |  13 |  630.7 |
       Dungeon |   7920 |   6894 |   1026 |    237 |   5255 |  10 |  792.0 |
        Temple |      1 |      1 |      0 |      0 |      0 |   1 |    1.0 |
          Lair |      1 |      1 |      0 |      0 |      0 |   1 |    1.0 |
        Bailey |    275 |    275 |      0 |     84 |    131 |   1 |  275.0 |
               +--------+--------+--------+--------+--------+-----+--------+

Top non-repeatable levels by time:
     D:4: 1193 daAuts
     D:9: 1109 daAuts
     D:8: 917 daAuts
     D:7: 877 daAuts
     D:1: 788 daAuts
     D:5: 780 daAuts
     D:6: 768 daAuts
     D:3: 751 daAuts
     D:2: 387 daAuts
    D:10: 346 daAuts
  Bailey: 275 daAuts
  Lair:1: 1 daAuts
  Temple: 1 daAuts
